 Dungeon Crawl Stone Soup version 0.23.2-11-gf996548c65 (webtiles) character file.

Game seed: 3310010590438032144

247 MalarOregon the Chiller (level 6, 0/44 (45) HPs)
             Began as a Ghoul Ice Elementalist on June 6, 2019.
             Slain by a centaur (7 damage)
             ... on level 5 of the Dungeon.
             The game lasted 00:11:47 (4305 turns).

MalarOregon the Chiller (Ghoul Ice Elementalist)    Turns: 4305, Time: 00:11:48

HP:   0/44 (45)     AC:  2    Str: 12    XL:     6   Next: 11%
MP:   6/10          EV: 12    Int: 12    God:
Gold: 159           SH:  5    Dex:  9    Spells: 1/12 levels left

rFire    x . .     SeeInvis .   (no weapon)
rCold    + + +     Gourm    .   (no shield)
rNeg     + + +     Faith    .   a - +0 robe
rPois    ∞         Spirit   .   (no helmet)
rElec    .         Reflect  +   (no cloak)
rCorr    .         Harm     .   (no gloves)
MR       .....                  (no boots)
Stlth    ++........             t - +5 amulet of reflection
HPRegen  0.00/turn              g - ring of ice
MPRegen  0.12/turn              o - ring of protection from cold

@: very slightly contaminated, rotting
A: rotting body, claws 1, carnivore, cold resistance 1, negative energy
resistance 3, inhibited regeneration, torment resistance, unbreathing
a: no special abilities


You were on level 5 of the Dungeon.
You were hungry.

You visited 1 branch of the dungeon, and saw 5 of its levels.

You collected 159 gold pieces.

Inventory:

Armour
 a - a +0 robe (worn)
Jewellery
 g - a ring of ice (left claw)
   (You found it on level 1 of the Dungeon)
 o - a ring of protection from cold (right claw)
   (You found it on level 4 of the Dungeon)
 t - a +5 amulet of reflection (around neck)
   (You found it on level 1 of the Dungeon)
Wands
 d - a wand of iceblast (6)
   (You found it on level 4 of the Dungeon)
Scrolls
 c - a scroll of silence {unknown}
 h - 2 scrolls of fear {unknown}
 j - 3 scrolls of identify {unknown}
 p - a scroll of immolation {unknown}
 r - a scroll of random uselessness {unknown}
Potions
 b - 2 potions of resistance {unknown}
 f - 2 potions of might {unknown}
 i - a potion of agility {unknown}
 k - a potion of heal wounds {unknown}
 l - 2 potions of curing {unknown}
 m - a potion of brilliance {unknown}
 n - 2 potions of cancellation {unknown}
 q - a potion of lignification {unknown}
 s - a potion of flight {unknown}
Comestibles
 e - 8 rations {!d}


   Skills:
 - Level 1.7 Dodging
 + Level 3.7 Stealth
 * Level 3.6 Spellcasting
 - Level 0.7 Conjurations
 * Level 5.2 Ice Magic


You had one spell level left.
You knew the following spells:

 Your Spells              Type           Power        Failure   Level  Hunger
a - Freeze                Ice            ###.         2%          1    #......
c - Throw Icicle          Conj/Ice       ##......     56%         4    #####..
d - Summon Ice Beast      Ice/Summ       ##......     61%         4    #####..
x - Throw Frost           Conj/Ice       ##....       11%         2    ##.....

Your spell library contained the following spells:

 Spells                   Type           Power        Failure   Level  Hunger
 Ozocubu's Armour         Chrm/Ice       ##......     24%         3    ###....


Dungeon Overview and Level Annotations

Branches:
Dungeon (5/15)
 Temple: D:4-7

Altars:
Cheibriados
Nemelex Xobeh

Annotations:
D:3 exclusion: ice beast
D:4 exclusion: 2 slaves
D:5 Prince Ribbit


Innate Abilities, Weirdness & Mutations

Your body is rotting away.
You thrive on raw meat.
You are immune to poison.
You have sharp fingernails.
You are carnivorous and can eat meat at any time.
Your flesh is cold resistant. (rC+)
You are immune to negative energy. (rN+++)
You do not regenerate when monsters are visible.
You are immune to unholy pain and torment.
You can survive without breathing.


Message History

You scratch the adder skeleton. You block the adder skeleton's attack.
You scratch the adder skeleton.
You destroy the adder skeleton!
No target in view!
There is an escape hatch in the floor here.
An orc comes into view. It is wielding a +0 hand axe.
The helpless orc fails to defend itself.
You scratch the orc. The orc hits you but does no damage.
Aim: an orc, wielding a +0 hand axe (severely wounded)
You feel a surge of power!
You freeze the orc!
You kill the orc!
You see here a +0 hand axe.
You feel your flesh rotting away.
You are near starving!
The jackal is too close now for your liking.
You feel your flesh rotting away.
The jackal is too close now for your liking.
Aim: a jackal (hasn't noticed you)
You feel a surge of power!
The puff of frost hits the jackal.
You kill the jackal!
You butcher the jackal corpse.
u - a chunk of flesh You see here a jackal skeleton. x2
Eating a chunk of flesh.
You eat the chunk of flesh.
You feel more resilient.
This raw flesh tastes great!
You are feeling hungry.
The centaur is too close now for your liking.
The centaur shouts!
The centaur shoots an arrow.
The arrow hits you!
The centaur shoots an arrow.
The arrow hits you!
* * * LOW HITPOINT WARNING * * *
You see here 2 arrows.
Okay, then.
Unknown command.
Aim: a centaur, wielding a +0 shortbow You feel a surge of power!
You freeze the centaur!
The centaur unwields a +0 shortbow.
The centaur barely misses you.
Aim: a centaur (moderately wounded)
You feel a surge of power!
You freeze the centaur! The centaur hits you!
* * * LOW HITPOINT WARNING * * *
The centaur barely misses you.
Aim: a centaur (severely wounded)
You feel a surge of power!
You miscast Freeze.
You are very lightly contaminated with residual magic.
A chill runs through your body. The centaur hits you.
* * * LOW HITPOINT WARNING * * *
Aim: a centaur (severely wounded)
You feel a surge of power!
You freeze the centaur. The centaur closely misses you. The centaur hits you!
You die...

# . ........# #####..
........#### .......
.......<.... .......
....(....... .......
............ .......
#######..... .......
#..... #######
####################....
.......
......c@.(..............
#######
########################
......... #########
..... #####


You could see a centaur.

Vanquished Creatures
  A howler monkey (D:4)
  A hound (D:4)
  A jelly (D:5)
  A worker ant (D:4)
  A gnoll (D:1)
  2 adders
  An adder skeleton (D:5)
  A dart slug (D:1)
  A leopard gecko (D:3)
  12 orcs
  10 bats
  5 giant cockroaches
  2 goblins
  9 hobgoblins
  9 jackals
  7 kobolds
  A quokka (D:4)
  2 ball pythons
  10 frilled lizards
  A jackal skeleton (D:4)
  7 rats
85 creatures vanquished.

Notes
Turn   | Place    | Note
-------+----------+-------------------------------------------
     0 | D:1      | MalarOregon the Ghoul Ice Elementalist began the quest for
                  | the Orb.
     0 | D:1      | Reached XP level 1. HP: 14/14 MP: 2/2
   128 | D:1      | Reached XP level 2. HP: 20/20 MP: 0/4
   240 | D:1      | Found a snail-covered altar of Cheibriados.
   327 | D:1      | Reached XP level 3. HP: 23/26 MP: 1/5
   406 | D:1      | Learned a level 2 spell: Throw Frost
   910 | D:2      | Reached skill level 4 in Ice Magic
  1284 | D:2      | Noticed a phantom
  1764 | D:2      | Reached XP level 4. HP: 29/33 MP: 0/7
  1855 | D:2      | Learned a level 4 spell: Throw Icicle
  2345 | D:3      | Noticed an ice beast
  2916 | D:4      | Reached XP level 5. HP: 29/38 MP: 3/8
  3076 | D:4      | Found a sparkling altar of Nemelex Xobeh.
  3362 | D:4      | Noticed a slave
  3368 | D:4      | Noticed a slave
  3454 | D:5      | Entered Level 5 of the Dungeon
  3454 | D:5      | Noticed Prince Ribbit
  3455 | D:5      | Noticed a centaur
  3710 | D:5      | Reached skill level 5 in Ice Magic
  3819 | D:4      | Reached XP level 6. HP: 44/45 MP: 5/10
  3840 | D:4      | Learned a level 4 spell: Summon Ice Beast
  4305 | D:5      | Slain by a centaur

Skill      XL: |  1  2  3  4  5 |
---------------+----------------+-----
Spellcasting   | 2 3 |  3.6
Ice Magic      | 4 5 |  5.2
Stealth        | 3 |  3.7
Dodging        | |  1.7
Conjurations   | |  0.7

Action                   |  1- 3 |  4- 6 || total
-------------------------+-------+-------++-------
Melee: Unarmed           |    60 |    76 ||   136
 Cast: Freeze            |    46 |    48 ||    94
       Throw Frost       |    18 |    13 ||    31
 Stab: Sleeping          |       |     2 ||     2
  Eat: Chunk             |     8 |     9 ||    17
Armor: Robe              |    13 |    11 ||    24
Dodge: Dodged            |    64 |    65 ||   129
Block: Other             |    18 |    24 ||    42
       Reflection        |       |     2 ||     2
